 Dungeon Crawl Stone Soup version 0.20.0-15-g7f486f2 (webtiles) character file.

27115 McKennaii the Bludgeoner (level 13, -8/119 HPs)
             Began as a Minotaur Fighter on June 11, 2017.
             Was a High Priest of the Shining One.
             Mangled by a phantasmal warrior (16 damage)
             ... led by a death knight
             ... on level 12 of the Dungeon.
             The game lasted 00:32:46 (11475 turns).

McKennaii the Bludgeoner (Minotaur Fighter)        Turns: 11475, Time: 00:32:48

Health: -8/119     AC: 22    Str: 24    XL:     13   Next: 2%
Magic:  12/12      EV:  8    Int:  5    God:    the Shining One [*****.]
Gold:   682        SH: 13    Dex: 12    Spells: 12/12 levels left

rFire    . . .     SeeInvis +   L - +5 morningstar
rCold    . . .     Gourm    .   c - +0 shield
rNeg     + + .     Faith    .   d - +0 plate armour
rPois    .         Spirit   .   l - +2 hat {SInv}
rElec    .         Reflect  .   w - +0 cloak
rCorr    .         Harm     .   R - +0 pair of gloves
MR       +....                  k - +1 pair of boots
Stlth    ..........             (no amulet)
Regen    0.3/turn               (no ring)
MPRegen  0.2/turn               m - ring of protection from magic

@: lethally poisoned (-8 -> -9), about to teleport, very slightly contaminated,
slowed, glowing, very slow
A: retaliatory headbutt, horns 2
a: Divine Shield, Cleansing Flame, Summon Divine Warrior, Renounce Religion


You were on level 12 of the Dungeon.
You worshipped the Shining One.
The Shining One was extremely pleased with you.
You were not hungry.

You visited 2 branches of the dungeon, and saw 13 of its levels.
You also visited: Bailey.

You collected 682 gold pieces.

Inventory:

Hand Weapons
 L - a +5 morningstar (weapon)
Armour
 c - a +0 shield (worn)
 d - a +0 plate armour (worn)
 k - a +1 pair of boots (worn)
 l - a +2 hat of see invisible (worn)
 w - a +0 cloak (worn)
 R - a +0 pair of gloves (worn)
Jewellery
 m - a ring of protection from magic (right hand)
 o - an uncursed ring of protection from fire
 z - an uncursed ring of positive energy
 B - a +2 ring of strength
Wands
 t - a wand of confusion (23/48)
 H - a wand of iceblast (10/15)
 I - a wand of disintegration (8/24)
 Q - a wand of paralysis (3/24)
Scrolls
 a - 2 scrolls of remove curse
 b - 4 scrolls of identify
 e - 5 scrolls of enchant armour
 h - 3 scrolls of amnesia
 i - 3 scrolls of magic mapping
 q - 2 scrolls of teleportation
 r - 2 scrolls of immolation
 s - a scroll of noise {unknown}
 y - a scroll of recharging
 A - 5 scrolls of enchant weapon
 C - a scroll of silence
 D - a scroll of fog {unknown}
 N - 2 scrolls of acquirement
 P - a scroll of fear
Potions
 p - 2 potions of curing {unknown}
 u - a potion of ambrosia
 F - a potion of heal wounds
 G - a potion of invisibility {unknown}
 J - a potion of agility
 K - a potion of flight {unknown}
 M - a potion of resistance
 O - 2 potions of cancellation {unknown}
 T - a potion of might
Books
 v - a book of Minor Magic

   Spells                             Type                      Level
   a - Magic Dart                     Conjuration                  1
   b - Blink                          Translocation                2
   c - Call Imp                       Summoning                    2
   d - Slow                           Hexes                        2
   e - Conjure Flame                  Conjuration/Fire             3
   f - Mephitic Cloud                 Conjuration/Poison/Air       3
 E - a book of Cantrips

   Spells                             Type                      Level
   a - Confusing Touch                Hexes                        1
   b - Animate Skeleton               Necromancy                   1
   c - Summon Small Mammal            Summoning                    1
   d - Apportation                    Translocation                1
Comestibles
 f - 7 bread rations
 g - 5 meat rations
 j - 7 royal jellies
 x - 7 fruits


   Skills:
 + Level 12.6 Fighting
 + Level 15.4 Maces & Flails
 + Level 11.5 Armour
 + Level 4.1 Dodging
 + Level 2.7 Stealth
 + Level 12.4 Shields
 + Level 0.2 Unarmed Combat
 + Level 0.8 Evocations


You had 12 spell levels left.
You didn't know any spells.

Dungeon Overview and Level Annotations

Branches:
Dungeon (12/15)            Temple (1/1) D:7            Lair (0/6) D:9
    Orc (0/2) D:10

Altars:
Cheibriados
Dithmenos
Elyvilon
Fedhas
Gozag
Hepliaklqana
Kikubaaqudgha
Makhleb
Nemelex Xobeh
Okawaru
Qazlal
Sif Muna
Trog
Uskayaw
Vehumet
Xom
Zin
The Shining One


Innate Abilities, Weirdness & Mutations

You reflexively headbutt those who attack you in melee.
You have a pair of horns on your head.


Message History

Press: ? - help, Dir - move target cursor You are very lightly contaminated with residual magic.
As you read the scroll of blinking, it crumbles to dust.
You feel sick.
You feel sick.
The death knight's dark mirror aura disappears.
The phantasmal warrior blinks!
You feel sick.
The phantasmal warrior blinks!
The death knight invokes the aid of Yredelemnul against you.
You easily resist.
The phantasmal warrior hits you!
* * * LOW HITPOINT WARNING * * *
The phantasmal warrior blinks!
As you read the scroll of teleportation, it crumbles to dust.
You feel strangely unstable.
You feel sick.
You block the phantasmal warrior's attack.
The phantasmal warrior hits you but does no damage.
The phantasmal warrior hits you.
* * * LOW HITPOINT WARNING * * *
The phantasmal warrior hits you!
You die...

..............#.#
.#..............# #....
.####...####).#.#####....#
.......((((..............#
#...#...#####..........#.#
#.#####.#####....>........ #.#
#........(.......# #.#
####.....).W.....#.
#.########.....W@......#.###
....)<..........W..........
#..)#####........##..####.####
....# ...###...####.p..#..>.##
#.... ....#⌠#.### #..........##
#.........###.. #######W.......#
#.......................)§.....#
.............. .#######)).....#
....#...#### .......#.W...##


You could see a death knight, 3 phantasmal warriors and a freezing wraith.

Vanquished Creatures
  Kirke (D:12)
  Gastronok (D:10)
  2 two-headed ogres (D:10)
  A queen ant (D:9)
  A skeletal warrior (D:8)
  A wizard (D:11)
  An orc knight (Bailey)
  Pikel (D:6)
  An ugly thing (D:7)
  Psyche (D:12)
  Prince Ribbit (D:9)
  2 trolls
  A hornet (D:7)
  Grinder (D:3)
  6 hippogriffs
  A shadow (D:11)
  6 yaks (D:9)
  8 hogs
  A steam dragon (D:10)
  A basilisk (D:9)
  A human (D:7)
  5 soldier ants
  4 porcupines (D:9)
  Duvessa (D:6)
  7 sky beasts
  3 ice beasts
  A swamp drake (D:10)
  4 black bears
  2 phantoms
  Purgy (D:3)
  18 orc warriors
  2 necrophages
  2 wolves
  20 centaurs
  11 ogres
  3 crocodiles
  A big kobold (D:10)
  7 bullfrogs
  Dowan (D:6)
  A water moccasin zombie (D:10)
  A wyvern skeleton (D:10)
  4 scorpions
  A howler monkey (D:7)
  8 wights
  2 vampire bats (D:9)
  6 crimson imps
  3 bullfrog skeletons
  4 jellies
  4 hounds
  8 orc priests
  15 orc wizards
  3 centaur skeletons
  5 iguanas
  36 worker ants
  A hound zombie (D:7)
  4 hound skeletons
  A worker ant zombie (D:10)
  Robin (D:2)
  6 gnolls (Bailey)
  A howler monkey skeleton (D:8)
  A howler monkey zombie (D:8)
  12 adders
  3 shadow imps
  An adder zombie (D:3)
  An adder skeleton (D:4)
  2 worms
  3 dart slugs (D:1)
  8 leopard geckos
  83 orcs
  2 ball pythons
  2 bat skeletons (D:9)
  4 bat zombies (D:9)
  4 giant cockroaches
  24 hobgoblins
  11 kobolds
  6 quokkas
  4 bats
  5 frilled lizards
  21 goblins
  A quokka skeleton (D:7)
  8 rats
  A bush (D:11)
455 creatures vanquished.

Vanquished Creatures (others)
  A human (D:12)
  A bullfrog (D:6)
  A scorpion (D:6)
  An adder (D:6)
  2 orcs
  A bush (D:9)
  2 fungi (D:9)
  19 plants (D:9)
28 creatures vanquished.

Grand Total: 483 creatures vanquished

Notes
Turn   | Place    | Note
-------+----------+-------------------------------------------
     0 | D:1      | McKennaii the Minotaur Fighter began the quest for the Orb.
     0 | D:1      | Reached XP level 1. HP: 19/19 MP: 0/0
   160 | D:1      | Reached XP level 2. HP: 24/27 MP: 1/1
   975 | D:2      | Found an iron altar of Okawaru.
  1039 | D:2      | Reached XP level 3. HP: 33/33 MP: 2/2
  1127 | D:2      | Noticed Robin
  1165 | D:2      | Killed Robin
  1165 | D:2      | Reached skill level 3 in Maces & Flails
  1165 | D:2      | Reached skill level 1 in Dodging
  1165 | D:2      | Reached XP level 4. HP: 16/41 MP: 3/3
  1528 | D:2      | Found a burning altar of Makhleb.
  1713 | D:3      | Noticed Grinder
  1732 | D:3      | Paralysed by Grinder for 5 turns
  1955 | D:3      | Paralysed by Grinder for 7 turns
  2038 | D:3      | Paralysed by Grinder for 4 turns
  2043 | D:3      | Paralysed by Grinder for 2 turns
  2051 | D:3      | Killed Grinder
  2051 | D:3      | Reached skill level 4 in Maces & Flails
  2051 | D:3      | Reached skill level 5 in Armour
  2051 | D:3      | Reached skill level 5 in Shields
  2051 | D:3      | Reached XP level 5. HP: 27/47 MP: 4/4
  2051 | D:3      | Reached XP level 6. HP: 31/53 MP: 5/5
  2349 | D:3      | Noticed Purgy
  2368 | D:3      | Killed Purgy
  2370 | D:3      | Reached skill level 5 in Maces & Flails
  2387 | D:3      | Found a hazy altar of Hepliaklqana.
  2642 | D:4      | Reached XP level 7. HP: 60/60 MP: 6/6
  2754 | D:4      | Reached skill level 5 in Fighting
  2754 | D:4      | Reached skill level 1 in Stealth
  2785 | D:4      | Reached skill level 6 in Maces & Flails
  2898 | D:4      | Noticed a two-headed ogre
  2909 | D:5      | Entered Level 5 of the Dungeon
  3076 | D:5      | Found a shadowy altar of Dithmenos.
  3078 | D:5      | Found a bloodstained altar of Trog.
  3080 | D:5      | Found a sparkling altar of Nemelex Xobeh.
  3080 | D:5      | Found a glowing silver altar of Zin.
  3298 | D:5      | Found an opulent altar of Gozag.
  3342 | D:5      | Reached skill level 7 in Maces & Flails
  3342 | D:5      | Reached XP level 8. HP: 69/69 MP: 7/7
  3626 | D:6      | Noticed Pikel
  3644 | D:6      | Killed Pikel
  3644 | D:6      | Reached skill level 8 in Maces & Flails
  3672 | D:6      | Noticed Duvessa
  3675 | D:6      | Noticed Dowan
  3689 | D:6      | Killed Duvessa
  3689 | D:6      | Reached skill level 9 in Maces & Flails
  3713 | D:6      | Killed Dowan
  3713 | D:6      | Reached XP level 9. HP: 67/78 MP: 8/8
  4569 | D:7      | Found a flagged portal.
  4582 | Bailey   | Entered a bailey
  4838 | Bailey   | Noticed an orc knight
  4909 | Bailey   | Reached skill level 10 in Fighting
  4909 | Bailey   | Reached skill level 12 in Maces & Flails
  4909 | Bailey   | Reached XP level 10. HP: 38/93 MP: 9/9
  4926 | Bailey   | Killed an orc knight
  5472 | Bailey   | Noticed an orc knight
  5472 | Bailey   | Noticed an orc warlord
  5473 | Bailey   | Noticed an orc knight
  5647 | D:6      | Got a heavily runed ring mail
  5679 | D:6      | Identified the +1 ring mail "Necoeqen" {*Corrode rN+ Stlth+} (You found it on level 6 of the Dungeon)
  5923 | D:7      | Noticed a red ugly thing
  5936 | D:7      | Killed a red ugly thing
  5938 | D:7      | Found a staircase to the Ecumenical Temple.
  6010 | D:7      | Reached skill level 10 in Armour
  6010 | D:7      | Reached XP level 11. HP: 81/101 MP: 10/10
  6176 | D:7      | Paralysed by a hornet for 2 turns
  6186 | D:7      | Reached skill level 10 in Shields
  6210 | Temple   | Entered the Ecumenical Temple
  6258 | Temple   | Became a worshipper of the Shining One
  7305 | D:8      | Reached * piety under the Shining One
  7791 | D:9      | Noticed a queen ant
  7936 | D:8      | Reached ** piety under the Shining One
  8124 | D:9      | Killed a queen ant
  8584 | D:9      | Noticed Prince Ribbit
  8591 | D:9      | Killed Prince Ribbit
  8594 | D:9      | Found an ancient bone altar of Kikubaaqudgha.
  8697 | D:9      | Noticed a skeletal warrior
  8698 | D:9      | Noticed a skeletal warrior
  8699 | D:9      | Noticed a skeletal warrior
  8699 | D:9      | Noticed a skeletal warrior
  8699 | D:9      | Reached *** piety under the Shining One
  8699 | D:9      | Noticed a skeletal warrior
  8740 | D:8      | Killed a skeletal warrior
  8740 | D:8      | Reached skill level 13 in Maces & Flails
  9229 | D:9      | Found a staircase to the Lair.
  9290 | D:9      | Reached XP level 12. HP: 102/110 MP: 11/11
  9316 | D:9      | Found a hide-covered altar of Uskayaw.
  9316 | D:9      | Found a blossoming altar of Fedhas.
  9564 | D:10     | Entered Level 10 of the Dungeon
  9792 | D:10     | Noticed Gastronok
  9812 | D:10     | Killed Gastronok
  9812 | D:10     | Reached skill level 14 in Maces & Flails
  9852 | D:10     | Noticed a two-headed ogre
  9861 | D:10     | Killed a two-headed ogre
  9877 | D:10     | Reached **** piety under the Shining One
  9888 | D:10     | Found a staircase to the Orcish Mines.
 10083 | D:10     | Noticed a two-headed ogre
 10095 | D:10     | Killed a two-headed ogre
 10893 | D:11     | Reached skill level 15 in Maces & Flails
 11127 | D:12     | Noticed Psyche
 11132 | D:12     | Killed Psyche
 11147 | D:12     | Reached ***** piety under the Shining One
 11157 | D:12     | Noticed Kirke
 11167 | D:12     | Noticed a sphinx
 11170 | D:12     | Killed Kirke
 11172 | D:12     | Reached XP level 13. HP: 119/119 MP: 12/12
 11189 | D:12     | Identified 2 scrolls of acquirement
 11461 | D:12     | Found a bloodstained altar of Trog.
 11475 | D:12     | Mangled by a phantasmal warrior

Skill      XL: |  1  2  3  4  5  6  7  8  9 10 11 12 |
---------------+-------------------------------------+-----
Fighting       | 4 5 6 10 11 12 | 12.6
Armour         | 4 5 6 7 9 10 11 | 11.5
Maces & Flails | 3 4 5 7 9 12 13 15 | 15.4
Dodging        | 1 2 3 4 |  4.1
Shields        | 5 6 9 11 12 | 12.4
Stealth        | 1 2 |  2.7
Unarmed Combat | |  0.2
Evocations     | |  0.8

Action                   |  1- 3 |  4- 6 |  7- 9 | 10-12 | 13-15 || total
-------------------------+-------+-------+-------+-------+-------++-------
Melee: Flail             |    47 |       |       |       |       ||    47
       Headbutt          |     9 |    20 |    54 |   186 |     5 ||   274
       Mace              |    53 |   107 |    78 |       |       ||   238
       Unarmed           |       |     1 |       |       |       ||     1
       Whip              |       |       |   227 |   508 |       ||   735
       Morningstar       |       |       |       |   419 |    26 ||   445
Evoke: Wand              |       |       |       |     4 |       ||     4
  Use: Potion            |     1 |     2 |     7 |       |       ||    10
       Scroll            |       |     5 |       |     1 |    10 ||    16
 Stab: Paralysed         |       |       |       |     7 |       ||     7
  Eat: Chunk             |       |     6 |     7 |    18 |     2 ||    33
       Royal jelly       |       |       |       |     1 |       ||     1
Armor: Scale mail        |    79 |    37 |    13 |       |       ||   129
       Chain mail        |       |       |    63 |    33 |       ||    96
       Skin              |       |       |    11 |     4 |       ||    15
       Plate armour      |       |       |       |   318 |    28 ||   346
Dodge: Dodged            |    46 |    35 |    59 |   181 |     8 ||   329
Block: Shield            |    53 |    72 |   118 |   492 |    27 ||   762
